 Dungeon Sprint DCSS version 0.29.1-15-g9cfb28693d (webtiles) character file.

Game seed: 10248286203138947083

7 Ast3rio the Chopper (level 1, -4/22 HPs)
             Began as a Minotaur Berserker on Mar 14, 2023.
             Was a Follower of Trog.
             Slain by a worm (11 damage)
             ... in the Dungeon (Sprint II: "The Violet Keep of Menkaure").
             The game lasted 00:00:11 (16 turns).

Ast3rio the Chopper (Minotaur Berserker)              Turns: 16, Time: 00:00:12

Health: -4/22      AC:  2    Str: 21    XL:     1   Next: 83%
Magic:  0/0        EV: 12    Int:  4    God:    Trog [*.....]
Gold:   0          SH:  0    Dex:  9    Spells: 0/0 levels left

rFire   . . .      SeeInvis .   a - +0 hand axe
rCold   . . .      Faith    .   (no shield)
rNeg    . . .      Spirit   .   b - +0 animal skin
rPois   .          Reflect  .   (helmet restricted)
rElec   .          Harm     .   (no cloak)
rCorr   .          Rampage  .   (no gloves)
Will    .....      NoTele   +   (no boots)
Stlth   +.........              (no amulet)
HPRegen 0.07/turn               (no ring)
MPRegen 0.07/turn               (no ring)

@: no status effects
A: horns 2, retaliatory headbutt
a: Renounce Religion, Berserk


You were in the Dungeon.
You worshipped Trog.
Trog was aware of your devotion.
You visited 1 branch

Inventory:

Hand Weapons
 a - a +0 hand axe (weapon)
Armour
 b - a +0 animal skin (worn)
Scrolls
 h - a scroll of blinking
Potions
 c - a potion of curing
 d - a potion of heal wounds
 e - a potion of haste
 f - 2 potions of magic
 g - a potion of berserk rage


   Skills:
 + Level 4.6 Fighting
 + Level 4.7 Axes
 + Level 2.8 Armour
 + Level 2.4 Dodging


You couldn't memorise any spells.
You didn't know any spells.
Your spell library was empty.

Dungeon Overview and Level Annotations

Branches:
Dungeon (1/1)

Altars:


Innate Abilities, Weirdness & Mutations

You have a pair of horns on your head.
You reflexively headbutt those who attack you in melee.


Message History

You hit the worm. The worm misses you. The worm barely misses you.
You furiously retaliate!
You headbutt the worm. You hit the worm. You headbutt the worm.
The worm is almost dead.
You hit the worm but do no damage. The worm barely misses you.
The worm bites you.
You hit the worm.
You kill the worm!
Trog accepts your kill.
You hit the worm.
Your Fighting skill increases to level 4!
Your Axes skill increases to level 4!
You see here a worm corpse.
You hit the worm but do no damage.
The worm is lightly wounded.
The worm misses you.
You hit the worm.
The worm is lightly wounded.
You hit the worm.
The worm is moderately wounded.
The worm bites you.
You hit the worm.
The worm is heavily wounded.
The worm bites you.
* * * LOW HITPOINT WARNING * * *
You barely miss the worm.
The worm is moderately wounded.
You hit the worm.
The worm is severely wounded.
The worm closely misses you.
You hit the worm. You headbutt the worm.
You kill the worm!
Trog accepts your kill.
You hit the worm.
The worm is moderately wounded.
You hit the worm. Your headbutt misses the worm.
The worm is heavily wounded.
The worm bites you!
Ouch! That really hurt!
You die...

## ##
.##
#.##w.#
#@#.#
##w#
##.##
+.<.+
##.##
#+#


You could see a worm.

Vanquished Creatures
  2 worms (D)
2 creatures vanquished.

Notes
Turn   | Place    | Note
-------+----------+-------------------------------------------
     0 | D        | Ast3rio the Minotaur Berserker began the quest for the Orb.
     0 | D        | Reached XP level 1. HP: 19/19 MP: 0/0
    16 | D        | Slain by a worm

Illustrated notes

Levels and vault maps discovered:
D:        the_violet_keep_of_menkaure [sprint2_stairs_cluster_1,
          sprint2_shoproom, sprint2_temple, sprint2_basic_supplies,
          sprint2_obstacle_4, sprint2_obstacle_1, sprint2_obstacle_2,
          sprint2_obstacle_5, sprint2_obstacle_6, sprint2_timed_cluster_1,
          sprint2_smallroom_cluster_1, sprint2_smallroom_final_cluster_1,
          sprint2_transparent_cluster_1, sprint2_second_timed_cluster_1,
          sprint2_sniper_area_1, sprint2_heavy_combat_area_1,
          sprint2_mutation_trap_area_1, sprint2_forest_area_1,
          sprint2_light_combat_area_1, sprint2_behind_water_1,
          sprint2_near_end_vault_1]

Skill      XL: |  1 |
---------------+----+-----
Fighting       | 4 |  4.6
Axes           | 4 |  4.7
Armour         | |  2.8
Dodging        | |  2.4

Action                   || total
-------------------------++-------
Melee: Hand axe          ||    13
       Headbutt          ||     4
Dodge: Dodged            ||     5
